 Dungeon Sprint DCSS version 0.32-a0-411-g744942f433 (webtiles) character file.

Game seed: 17983042791148836698

85 shadowstone the Ruffian (level 4, -25/28 HPs)
             Began as an Octopode Shapeshifter on Feb 20, 2024.
             Was an Initiate of Hepliaklqana.
             Killed from afar by a gargoyle (30 damage)
             ... with a stone arrow
             ... in the Dungeon (Sprint IX: "|||||||||||||||||||||||||||||").
             The game lasted 00:01:57 (209 turns).

shadowstone the Ruffian (Octopode Shapeshifter)      Turns: 209, Time: 00:01:58

Health: -25/28     AC:  3    Str: 15    XL:     4   Next: 48%
Magic:  4/4        EV: 14    Int: 12    God:    Hepliaklqana [......]
Gold:   0          SH:  0    Dex: 14    Spells: 3/3 levels left

rFire   . . .        m - +2 scimitar of the Candle {flame, rC+ Will++}
rCold   + . .        (no shield)
rNeg    . . .        (helmet currently unavailable)
rPois   .            (no amulet)
rElec   .            n - +2 ring of protection
rCorr   .            o - +3 ring of dexterity
SInv    .            (no ring)
Will    ++...        (no ring)
Stlth   +++          (no ring)
HPRegen 0.24/turn    (no ring)
MPRegen 0.09/turn    (no ring)
                     (no ring)

%: no teleportation
@: beast-form
A: beast (slay +3), almost no armour, amphibious, 8 rings, camouflage 1,
gelatinous body 1, (nimble swimmer 1), tentacles
a: Begin Untransformation, Renounce Religion


You were in the Dungeon.
You worshipped Hepliaklqana.
Hepliaklqana was noncommittal.
You were a hulking beast.
You visited 1 branch

Inventory:

Hand Weapons
 m - the +2 scimitar of the Candle (weapon) {flame, rC+ Will++}
   (You found it in the Dungeon)

   rC+:       It protects you from cold.
   Will++:    It greatly increases your willpower.
Jewellery
 n - a +2 ring of protection (left tentacle)
 o - a +3 ring of dexterity (right tentacle)
Talismans
 b - a beast talisman (active)
 c - a flux talisman
Wands
 l - a wand of iceblast (10)
Scrolls
 i - 2 scrolls of blinking
 k - 2 scrolls of amnesia
Potions
 a - a potion of lignification
 d - 5 potions of curing
 e - a potion of invisibility
 f - a potion of haste
 g - 4 potions of magic
 h - a potion of berserk rage
 j - 2 potions of heal wounds


   Skills:
 + Level 1.5 Fighting
 + Level 3.1 Dodging
 + Level 1.8 Stealth
 + Level 6.1 Unarmed Combat
 + Level 6.0 Shapeshifting


You had 3 spell levels left.
You didn't know any spells.
Your spell library was empty.

Dungeon Overview and Level Annotations

Branches:
Dungeon (1/1)

Altars:
Cheibriados
Dithmenos
Elyvilon
Fedhas
Gozag
Hepliaklqana
Kikubaaqudgha
Makhleb
Nemelex Xobeh
Okawaru
Qazlal
Ru
Sif Muna
Trog
Uskayaw
Vehumet
Wu Jian
Xom
Yredelemnul
Zin
The Shining One
Beogh
Jiyva
Lugonu


Innate Abilities, Weirdness & Mutations

You are a hulking beast.
Your limbs bulge with bestial killing power. (Slay +3)
You cannot wear most types of armour.
You are amphibious.
You can wear up to eight rings at the same time.
Your skin changes colour to match your surroundings (Stealth+).
Your rubbery body absorbs attacks. (AC +1, EV +1)
((You are camouflaged when in or above water. (Stealth+)))
You have tentacles for arms and can constrict up to eight enemies at once.


Message History

j - 2 potions of heal wounds;
d - 5 potions of curing (gained 4)
Found a +3 ring of dexterity.
k - 2 scrolls of amnesia;
i - 2 scrolls of blinking (gained 1)
l - a wand of iceblast (10)
Items here: )))))).
Items here: )))))).
m - the +2 scimitar of the Candle {flame, rC+ Will++} The +2 scimitar of the Candle {flame, rC+ Will++} bursts into flame!
m - the +2 scimitar of the Candle (weapon)
{flame, rC+ Will++} You see here a +0 cloak.
You see here a +0 pair of boots.
You see here a +0 plate armour.
n - a +2 ring of protection
o - a +3 ring of dexterity
n - a +2 ring of protection (left tentacle)
You feel agile.
o - a +3 ring of dexterity (right tentacle)
You open the door.
A gargoyle, a vampire mosquito, a wyvern, an orc wizard, a hornet and a wight come into view.
The wyvern hisses angrily.
The hornet buzzes angrily.
The orc wizard shouts!
You barely miss the gargoyle. Your grab misses the gargoyle.
The gargoyle hurls a stone arrow at you.
The stone arrow misses you. The gargoyle hits you with a +0 mace!
You slash the gargoyle! You burn the gargoyle. You grab the gargoyle.
The gargoyle is heavily damaged.
You constrict the gargoyle, but do no damage.
The orc wizard casts a spell.
The orc wizard flickers and vanishes!
Deactivating autopickup; reactivate with Ctrl-A.
The gargoyle hits you with a +0 mace!
Ouch! That really hurt!
* * * LOW HITPOINT WARNING * * *
You hit the gargoyle but do no damage. You squeeze the gargoyle.
The gargoyle is heavily damaged.
You constrict the gargoyle, but do no damage.
The gargoyle hurls a stone arrow at you.
The stone arrow hits you!!
Ouch! That really hurt!
You die...
Hepliaklqana delivers you to your ancestors.

▓.▓
▓.▓
▓)▓
▓.▓
▓[▓
▓[▓
▓[▓
▓.▓
▓h▓
▓9▓
▓y▓
▓k▓
▓y▓
▓.▓
▓z▓
▓.▓


You could see a hornet, a wyvern, a vampire mosquito, a gargoyle and a wight.

Vanquished Creatures
  A bombardier beetle (D)
  An iguana (D)
  An adder (D)
  An orc (D)
  2 endoplasms (D)
  A jackal (D)
  A quokka (D)
  2 ball pythons (D)
10 creatures vanquished.

Notes
Turn   | Place    | Note
-------+----------+-------------------------------------------
     0 | D        | shadowstone the Octopode Shapeshifter began the quest for
                  | the Orb.
     0 | D        | Reached XP level 1. HP: 13/13 MP: 1/1
    16 | D        | Reached XP level 2. HP: 4/18 MP: 2/2
    77 | D        | Noticed a bombardier beetle
    84 | D        | Reached skill level 1 in Stealth
    84 | D        | Reached skill level 5 in Shapeshifting
    84 | D        | Reached XP level 3. HP: 10/23 MP: 3/3
    87 | D        | Reached skill level 5 in Unarmed Combat
    95 | D        | Reached XP level 4. HP: 28/28 MP: 4/4
    99 | D        | Found a roughly hewn altar of Beogh.
    99 | D        | Found a snail-covered altar of Cheibriados.
    99 | D        | Found a shadowy altar of Dithmenos.
    99 | D        | Found a white marble altar of Elyvilon.
    99 | D        | Found a blossoming altar of Fedhas.
    99 | D        | Found an opulent altar of Gozag.
   100 | D        | Found a hazy altar of Hepliaklqana.
   101 | D        | Found a viscous altar of Jiyva.
   102 | D        | Found an ancient bone altar of Kikubaaqudgha.
   103 | D        | Found a corrupted altar of Lugonu.
   104 | D        | Found a burning altar of Makhleb.
   105 | D        | Found a sparkling altar of Nemelex Xobeh.
   106 | D        | Found an iron altar of Okawaru.
   107 | D        | Found a stormy altar of Qazlal.
   108 | D        | Found a sacrificial altar of Ru.
   109 | D        | Found a shimmering blue altar of Sif Muna.
   110 | D        | Found a bloodstained altar of Trog.
   111 | D        | Found a hide-covered altar of Uskayaw.
   112 | D        | Found a radiant altar of Vehumet.
   113 | D        | Found an ornate altar of the Wu Jian Council.
   114 | D        | Found a shimmering altar of Xom.
   115 | D        | Found a basalt altar of Yredelemnul.
   116 | D        | Found a glowing silver altar of Zin.
   117 | D        | Found a glowing golden altar of the Shining One.
   166 | D        | Became a worshipper of Hepliaklqana the Forgotten
   194 | D        | Got the +2 scimitar of the Candle {flame, rC+ Will++}
   206 | D        | Noticed a gargoyle
   206 | D        | Noticed a vampire mosquito
   206 | D        | Noticed a wyvern
   206 | D        | Noticed a hornet
   209 | D        | Killed from afar by a gargoyle

Illustrated notes

Levels and vault maps discovered:
D:        linesprint [early_d, line_temple, items_1, d_10, items_2, lair_1,
          lair_end, items_3, orc_1, orc_end, items_4, d_15, swamp_1, shoals_1,
          snake_1, spider_1, d_20, vaults_1, items_5, swamp_end, shoals_end,
          snake_end, spider_end, vaults_end, d_27, items_6, zot_1, zot_end,
          crypt_end, forest_end, elf_end, slime_end, tomb_end, abyss_end,
          pan_hell_end]

Skill      XL: |  1  2  3 |
---------------+----------+-----
Shapeshifting  | 5 6 |  6.0
Stealth        | 1 |  1.8
Unarmed Combat | 4 6 |  6.1
Dodging        | 3 |  3.1
Fighting       | |  1.5

Action                     |  1- 3 |  4- 6 || total
---------------------------+-------+-------++-------
  Melee: Unarmed           |    26 |       ||    26
         Punch             |     2 |       ||     2
         Constrict         |     6 |     1 ||     7
         Tentacles         |     6 |     1 ||     7
         Scimitar          |       |     3 ||     3
    Use: Potion            |     1 |       ||     1
   Stab: Sleeping          |     1 |       ||     1
 Armour: Skin              |     7 |     3 ||    10
  Dodge: Dodged            |     9 |     1 ||    10

Table legend: (Time is in decaauts)
 A = Elapsed time spent in this place.
 B = Non-inter-level travel time spent in this place.
 C = Inter-level travel time spent in this place.
 D = Time resting spent in this place.
 E = Time spent auto-exploring this place.
 F = Levels seen in this place.
 G = Mean time per level.
                   A        B        C        D        E       F      G
               +--------+--------+--------+--------+--------+-----+--------+
         Total |    206 |    206 |      0 |     55 |      0 |   1 |  206.0 |
       Dungeon |    206 |    206 |      0 |     55 |      0 |   1 |  206.0 |
               +--------+--------+--------+--------+--------+-----+--------+

Top non-repeatable levels by time:
       D: 206 daAuts
